SNL (28 & UNDER)
SALEM SILVER SOULS @ BEAUMONT ROUGHNECKS
06/28/2028
 
TOP OF THE 1ST
Salem Silver Souls batting - Pitching for Beaumont Roughnecks : RHP José Salinas
Pitching: RHP José Salinas
Batting: LHB Joel Nelson 0-0: Ball
1-0: Ball
2-0: Swinging Strike
2-1: Foul Ball, location: 2F
2-2: Foul Ball, location: 2F
2-2: Strikes out swinging
Batting: RHB Tom Hughes 0-0: Called Strike
0-1: Ball
1-1: Ball
2-1: Foul Ball, location: 2F
2-2: Strikes out looking
Batting: SHB Felipe Castro 0-0: Called Strike
0-1: Ground out 6-3 (Groundball, 6MS)
Top of the 1st over - 0 run(s), 0 hit(s), 0 error(s), 0 left on base; Salem 0 - Beaumont 0
BOTTOM OF THE 1ST
Beaumont Roughnecks batting - Pitching for Salem Silver Souls : RHP Tim Cameron
Pitching: RHP Tim Cameron
Batting: RHB António Aguilar 0-0: Foul Ball, location: 2F
0-1: Ball
1-1: Foul Ball, location: 2F
1-2: SINGLE (Groundball, 34S) (infield hit)
Batting: LHB Tony Rivera 0-0: Ball
António Aguilar steals 2nd base
1-0: Ball
2-0: Called Strike
2-1: Called Strike
2-2: Ball
3-2: Base on Balls
Batting: LHB Cam Flowers 0-0: Ball
1-0: Ball
2-0: Foul Ball, location: 2F
2-1: Ball
3-1: Base on Balls
António Aguilar to third
Tony Rivera to second
Batting: LHB Bernardo Morales 0-0: Foul Ball, location: 2F
0-1: Foul Ball, location: 2F
0-2: Ball
1-2: Strikes out swinging
Batting: RHB Si-xun Li 0-0: Foul Ball, location: 2F
0-1: Ball
1-1: Foul Ball, location: 2F
1-2: Ball
2-2: Foul Ball, location: 2F
2-2: Strikes out swinging
Batting: LHB Enrique Cruz 0-0: Ball
1-0: Called Strike
1-1: Called Strike
1-2: Fly out, F7 (Line Drive, 78S)
Bottom of the 1st over - 0 run(s), 1 hit(s), 0 error(s), 3 left on base; Salem 0 - Beaumont 0
TOP OF THE 2ND
Salem Silver Souls batting - Pitching for Beaumont Roughnecks : RHP José Salinas
Batting: LHB Hamilton Hughes 0-0: Called Strike
0-1: Ground out 6-3 (Groundball, 6)
Batting: LHB Luis Aragón 0-0: Called Strike
0-1: Foul Ball, location: 2F
0-2: Ball
1-2: Strikes out looking
Batting: RHB David Kerr 0-0: Ball
1-0: Swinging Strike
1-1: Foul Ball, location: 2F
1-2: Ball
2-2: Ground out 1-3 (Groundball, 15)
Top of the 2nd over - 0 run(s), 0 hit(s), 0 error(s), 0 left on base; Salem 0 - Beaumont 0
BOTTOM OF THE 2ND
Beaumont Roughnecks batting - Pitching for Salem Silver Souls : RHP Tim Cameron
Batting: RHB Albert Alemán 0-0: Ball
1-0: Foul Ball, location: 2F
1-1: Ground out 6-3 (Groundball, 6)
Batting: RHB Darwin Crane 0-0: Called Strike
0-1: Ground out 5-3 (Groundball, 5S)
Batting: RHB Franklin Lawrence 0-0: Called Strike
0-1: Ground out 5-3 (Groundball, 56S)
Bottom of the 2nd over - 0 run(s), 0 hit(s), 0 error(s), 0 left on base; Salem 0 - Beaumont 0
TOP OF THE 3RD
Salem Silver Souls batting - Pitching for Beaumont Roughnecks : RHP José Salinas
Batting: LHB Jeff Douglas 0-0: Called Strike
0-1: Foul Ball, location: 2F
0-2: Foul Ball, location: 2F
0-2: Ball
1-2: Foul Ball, location: 2F
1-2: Fly out, F8 (Flyball, 8RM)
Batting: SHB Caleb Hart 0-0: DOUBLE (Line Drive, 78D)
Batting: LHB Alonso Contreras 0-0: Called Strike
0-1: Ground out 4-3 (Groundball, 4)
Caleb Hart to third
Batting: LHB Joel Nelson 0-0: Called Strike
0-1: Foul Ball, location: 2F
0-2: Ball
1-2: Strikes out swinging
Top of the 3rd over - 0 run(s), 1 hit(s), 0 error(s), 1 left on base; Salem 0 - Beaumont 0
BOTTOM OF THE 3RD
Beaumont Roughnecks batting - Pitching for Salem Silver Souls : RHP Tim Cameron
Batting: RHB António Aguilar 0-0: Called Strike
0-1: Foul Ball, location: 2F
0-2: SINGLE (Line Drive, 6MD)
Batting: LHB Tony Rivera 0-0: Ball
1-0: Called Strike
1-1: Ball
2-1: Foul Ball, location: 2F
2-2: Ball
3-2: Base on Balls
António Aguilar to second
Batting: LHB Cam Flowers 0-0: Ball
1-0: Swinging Strike
1-1: Foul Ball, location: 2F
1-2: Ball
2-2: Foul Ball, location: 2F
2-2: Ball
3-2: SINGLE (Groundball, 4MD)
António Aguilar to third
Tony Rivera to second
António Aguilar scores
Tony Rivera to third
Batting: LHB Bernardo Morales 0-0: Ball
1-0: Fly out, F8 (Flyball, 8RD)
Runner from 3rd tags up, SCORES, no throw
Batting: RHB Si-xun Li 0-0: Swinging Strike
0-1: SINGLE (Line Drive, 89M)
Cam Flowers to second
Batting: LHB Enrique Cruz 0-0: Called Strike
0-1: Swinging Strike
0-2: Strikes out swinging
Batting: RHB Albert Alemán 0-0: Swinging Strike
0-1: Foul Ball, location: 2F
0-2: Ball
1-2: Strikes out swinging
Bottom of the 3rd over - 2 run(s), 3 hit(s), 0 error(s), 2 left on base; Salem 0 - Beaumont 2
TOP OF THE 4TH
Salem Silver Souls batting - Pitching for Beaumont Roughnecks : RHP José Salinas
Batting: RHB Tom Hughes 0-0: Bunted foul
0-1: Ball
1-1: Ball
2-1: Swinging Strike
2-2: Strikes out looking
Batting: SHB Felipe Castro 0-0: Foul Ball, location: 2F
0-1: Ball
1-1: DOUBLE (Line Drive, 9LM)
Batting: LHB Hamilton Hughes 0-0: Ball
1-0: Ball
2-0: Foul Ball, location: 2F
2-1: Fly out, F6 (Flyball, 56D)
Batting: LHB Luis Aragón 0-0: Swinging Strike
0-1: Ball
1-1: Ball
2-1: Ball
3-1: Foul Ball, location: 2F
3-2: Strikes out looking
Top of the 4th over - 0 run(s), 1 hit(s), 0 error(s), 1 left on base; Salem 0 - Beaumont 2
BOTTOM OF THE 4TH
Beaumont Roughnecks batting - Pitching for Salem Silver Souls : RHP Tim Cameron
Batting: RHB Darwin Crane 0-0: Called Strike
0-1: Ball
1-1: Ball
2-1: Foul Ball, location: 2F
2-2: Strikes out swinging
Batting: RHB Franklin Lawrence 0-0: Ball
1-0: Ball
2-0: Called Strike
2-1: SINGLE (Groundball, 34D)
Batting: RHB António Aguilar 0-0: Ball
1-0: Called Strike
1-1: Swinging Strike
1-2: Ball
2-2: Ball
3-2: Fly out, F7 (Flyball, 78S)
Batting: LHB Tony Rivera 0-0: Ball
Franklin Lawrence steals 2nd base
1-0: Ball
2-0: DOUBLE (Groundball, 3L)
Franklin Lawrence scores
Batting: LHB Cam Flowers 0-0: Ground out 4-3 (Groundball, 4)
Bottom of the 4th over - 1 run(s), 2 hit(s), 0 error(s), 1 left on base; Salem 0 - Beaumont 3
TOP OF THE 5TH
Salem Silver Souls batting - Pitching for Beaumont Roughnecks : RHP José Salinas
Batting: RHB David Kerr 0-0: Ball
1-0: Foul Ball, location: 2F
1-1: Foul Ball, location: 2F
1-2: Foul Ball, location: 2F
1-2: Strikes out looking
Batting: LHB Jeff Douglas 0-0: Ball
1-0: Called Strike
1-1: Swinging Strike
1-2: Foul Ball, location: 2F
1-2: Ball
2-2: Strikes out looking
Batting: SHB Caleb Hart 0-0: Swinging Strike
0-1: Ball
1-1: Ball
2-1: Swinging Strike
2-2: Strikes out swinging
Top of the 5th over - 0 run(s), 0 hit(s), 0 error(s), 0 left on base; Salem 0 - Beaumont 3
BOTTOM OF THE 5TH
Beaumont Roughnecks batting - Pitching for Salem Silver Souls : RHP Tim Cameron
Pitching: RHP Bob Bartell
Batting: LHB Bernardo Morales 0-0: Ball
1-0: Ball
2-0: DOUBLE (Line Drive, 78D)
Batting: RHB Si-xun Li 0-0: Ball
1-0: Foul Ball, location: 2F
1-1: Ball
2-1: Ball
3-1: Base on Balls
Batting: LHB Enrique Cruz 0-0: Ball
1-0: Fly out, F8 (Flyball, 8RS)
Batting: RHB Albert Alemán 0-0: Called Strike
0-1: Foul Ball, location: 2F
0-2: Ball
1-2: Ball
2-2: Ball
3-2: Strikes out swinging
Batting: RHB Darwin Crane 0-0: Called Strike
0-1: Fielders Choice at 2nd, 6-4 (Groundball, 6)
Bottom of the 5th over - 0 run(s), 1 hit(s), 0 error(s), 1 left on base; Salem 0 - Beaumont 3
TOP OF THE 6TH
Salem Silver Souls batting - Pitching for Beaumont Roughnecks : RHP José Salinas
Batting: LHB Alonso Contreras 0-0: Ball
1-0: Called Strike
1-1: Swinging Strike
1-2: Ball
2-2: Fly out, F2 (Popup, 5S)
Batting: LHB Joel Nelson 0-0: Called Strike
0-1: Ball
1-1: Foul Ball, location: 2F
1-2: Ball
2-2: Ball
3-2: SINGLE (Groundball, 4MD)
Batting: RHB Tom Hughes 0-0: Fly out, F8 (Line Drive, 8RM)
Batting: SHB Felipe Castro 0-0: Called Strike
0-1: Foul Ball, location: 2F
0-2: Ball
1-2: Strikes out swinging
Top of the 6th over - 0 run(s), 1 hit(s), 0 error(s), 1 left on base; Salem 0 - Beaumont 3
BOTTOM OF THE 6TH
Beaumont Roughnecks batting - Pitching for Salem Silver Souls : RHP Bob Bartell
Batting: RHB Franklin Lawrence 0-0: Swinging Strike
0-1: Ball
1-1: Fly out, F8 (Flyball, 8LM)
Batting: RHB António Aguilar 0-0: Called Strike
0-1: Ball
1-1: Ground out 5-3 (Groundball, 56)
Batting: LHB Tony Rivera 0-0: Ball
1-0: Ball
2-0: Foul Ball, location: 2F
2-1: Foul Ball, location: 2F
2-2: Ground out 1-3 (Groundball, 13)
Bottom of the 6th over - 0 run(s), 0 hit(s), 0 error(s), 0 left on base; Salem 0 - Beaumont 3
TOP OF THE 7TH
Salem Silver Souls batting - Pitching for Beaumont Roughnecks : RHP José Salinas
Batting: LHB Hamilton Hughes 0-0: Ground out 3-1 (Groundball, 34)
Batting: LHB Luis Aragón 0-0: Ball
1-0: Ball
2-0: Ball
3-0: Base on Balls
Batting: RHB David Kerr 0-0: Ball
1-0: Grounds into double play, 5-4-3 (Groundball, 5)
Top of the 7th over - 0 run(s), 0 hit(s), 0 error(s), 0 left on base; Salem 0 - Beaumont 3
BOTTOM OF THE 7TH
Beaumont Roughnecks batting - Pitching for Salem Silver Souls : RHP Bob Bartell
Batting: LHB Cam Flowers 0-0: Ball
1-0: Ground out 4-3 (Groundball, 4)
Batting: LHB Bernardo Morales 0-0: Ball
1-0: Ball
2-0: Ball
3-0: Called Strike
3-1: Base on Balls
Batting: RHB Si-xun Li 0-0: Ball
1-0: Ball
2-0: Called Strike
2-1: Ground out 6-3 (Groundball, 6S)
Bernardo Morales to second
Batting: LHB Enrique Cruz 0-0: Ball
1-0: Ball
2-0: Foul Ball, location: 2F
2-1: Foul Ball, location: 2F
2-2: Strikes out looking
Bottom of the 7th over - 0 run(s), 0 hit(s), 0 error(s), 1 left on base; Salem 0 - Beaumont 3
TOP OF THE 8TH
Salem Silver Souls batting - Pitching for Beaumont Roughnecks : RHP José Salinas
Batting: LHB Jeff Douglas 0-0: Foul Ball, location: 2F
0-1: Swinging Strike
0-2: Foul Ball, location: 2F
0-2: Strikes out swinging
Pitching: RHP Jesús Ortíz
Batting: SHB Caleb Hart 0-0: Foul Ball, location: 2F
0-1: Ball
1-1: Ball
2-1: Fly out, F7 (Flyball, 7D)
Batting: LHB Alonso Contreras 0-0: Ball
1-0: Ball
2-0: Called Strike
2-1: Called Strike
2-2: Strikes out looking
Top of the 8th over - 0 run(s), 0 hit(s), 0 error(s), 0 left on base; Salem 0 - Beaumont 3
BOTTOM OF THE 8TH
Beaumont Roughnecks batting - Pitching for Salem Silver Souls : RHP Bob Bartell
Batting: RHB Albert Alemán 0-0: Called Strike
0-1: Foul Ball, location: 2F
0-2: Ball
1-2: Fly out, F3 (Popup, 3S)
Batting: RHB Darwin Crane 0-0: SINGLE (Line Drive, 78S)
Batting: RHB Franklin Lawrence 0-0: Ball
1-0: Called Strike
1-1: Foul Ball, location: 2F
1-2: Foul Ball, location: 2F
1-2: Strikes out swinging
Pitching: RHP Ramón Marerro
Batting: RHB António Aguilar 0-0: Ball
1-0: Ball
2-0: Called Strike
2-1: Ball
3-1: Base on Balls
Darwin Crane to second
Batting: LHB Tony Rivera 0-0: Ball
1-0: Foul Ball, location: 2F
1-1: Ball
2-1: Ball
3-1: Ground out U3 (Groundball, 34)
Bottom of the 8th over - 0 run(s), 1 hit(s), 0 error(s), 2 left on base; Salem 0 - Beaumont 3
TOP OF THE 9TH
Salem Silver Souls batting - Pitching for Beaumont Roughnecks : RHP Jesús Ortíz
Pitching: LHP Artie Nelson
Batting: LHB Joel Nelson 0-0: Foul Ball, location: 2F
0-1: Called Strike
0-2: Ball
1-2: Ball
2-2: Ball
3-2: Strikes out swinging
Batting: RHB Tom Hughes 0-0: Swinging Strike
0-1: Bunt for hit - play at first, batter OUT! 1-3
Batting: SHB Felipe Castro 0-0: Called Strike
0-1: Foul Ball, location: 2F
0-2: Strikes out looking
Top of the 9th over - 0 run(s), 0 hit(s), 0 error(s), 0 left on base; Salem 0 - Beaumont 3
Tuesday, August 8th, 2017 - OOTP Baseball 17.12 Build 75